[Event "ICC tourney 2260 (3 2)"]
[Site "Internet Chess Club"]
[Date "2020.12.31"]
[Round "5"]
[White "el008"]
[Black "MIEMBR"]
[Result "1-0"]
[ICCResult "Black forfeits on time"]
[WhiteElo "1944"]
[BlackElo "1842"]
[Opening "Nimzovich-Larsen attack: classical variation"]
[ECO "A01"]
[NIC "VO.08"]
[Time "12:59:55"]
[PlyCount "165"]
[TimeControl "180+2"]

1. b3 d5 2. Bb2 Nf6 3. Nf3 c5 4. d3 Nc6 5. Nbd2 Bf5 6. g3 e6 7. Bg2 Be7 8.
O-O O-O 9. Re1 d4 10. e4 dxe3 11. fxe3 Bg4 12. e4 Nd4 13. Nf1 Rc8 14. Ne3
Bh5 15. Bxd4 cxd4 16. Nc4 Bb4 17. Rf1 Bc3 18. Rb1 Ng4 19. h3 Ne3 20. Nxe3
dxe3 21. Qe2 Bd4 22. g4 Bg6 23. Rfe1 Bc3 24. Red1 Bd4 25. Nxd4 Qxd4 26. Re1
f5 27. exf5 exf5 28. gxf5 Bxf5 29. Rbc1 Rfe8 30. Qf3 Bg6 31. Kh1 Re7 32.
Qd5+ Qxd5 33. Bxd5+ Bf7 34. Bxf7+ Kxf7 35. Re2 Rce8 36. Rf1+ Kg6 37. Rf3 b5
38. Rg2+ Kh6 39. Re2 Kg6 40. Kg1 b4 41. Kf1 Rf7 42. Kg2 Rf5 43. Rxf5 Kxf5
44. Kf3 Rc8 45. Kxe3 Re8+ 46. Kf3 Rc8 47. Rd2 a5 48. Kg3 g5 49. Rf2+ Kg6
50. Kg4 h5+ 51. Kg3 Rc5 52. Kg2 Rc3 53. Kf1 Rc5 54. Ke1 g4 55. hxg4 hxg4
56. Rg2 Kg5 57. d4 Rd5 58. Rd2 g3 59. Kf1 Kf4 60. Kg2 Ke4 61. Kxg3 Rxd4 62.
Rf2 Ke3 63. Rf3+ Ke4 64. Rf4+ Ke3 65. Rf5 Kd2 66. Rxa5 Kxc2 67. Ra4 Kb2 68.
Kf3 Rd3+ 69. Ke4 Rh3 70. Kd4 Rh4+ 71. Kc5 Rh5+ 72. Kxb4 Rh4+ 73. Kc5 Rh8
74. b4 Rc8+ 75. Kb6 Rb8+ 76. Ka7 Rb5 77. Ka6 Rb8 78. Ka7 Rb5 79. Ka8 Kc3
80. a3 Kb3 81. Ra6 Kc4 82. Ka7 Kb3 83. Rb6 { Black forfeits on time } 1-0

[Event "ICC tourney 2260 (3 2)"]
[Site "Internet Chess Club"]
[Date "2020.12.31"]
[Round "6"]
[White "Chessnutt2014"]
[Black "Tombstone"]
[Result "0-1"]
[ICCResult "White checkmated"]
[WhiteElo "1941"]
[BlackElo "1990"]
[Opening "QGD semi-Slav"]
[ECO "D43"]
[NIC "SL.03"]
[Time "13:13:56"]
[PlyCount "24"]
[TimeControl "180+2"]

1. d4 d5 2. c4 c6 3. Nc3 Nf6 4. Nf3 e6 5. Bg5 h6 6. Bh4 dxc4 7. e4 g5 8.
Nxg5 hxg5 9. Bxg5 Be7 10. Bxc4 Nbd7 11. O-O Qc7 12. Qf3 Qxh2# { White
checkmated } 0-1

[Event "ICC tourney 2260 (3 2)"]
[Site "Internet Chess Club"]
[Date "2020.12.31"]
[Round "6"]
[White "michaelxiao"]
[Black "LuckyNessLover"]
[Result "0-1"]
[ICCResult "White resigns"]
[WhiteElo "1318"]
[BlackElo "1655"]
[Opening "Scandinavian defense"]
[ECO "B01"]
[NIC "SD.03"]
[Time "13:13:42"]
[PlyCount "26"]
[TimeControl "180+2"]

1. e4 d5 2. exd5 Nf6 3. Nf3 Nxd5 4. Bc4 Bf5 5. Bxd5 Qxd5 6. Nc3 Qd8 7. d4
Nc6 8. Bf4 e6 9. O-O Bd6 10. Bxd6 cxd6 11. d5 Nb4 12. dxe6 fxe6 13. Re1
Nxc2 { White resigns } 0-1

[Event "ICC tourney 2260 (3 2)"]
[Site "Internet Chess Club"]
[Date "2020.12.31"]
[Round "6"]
[White "baldwinsthename"]
[Black "bobiscool"]
[Result "0-1"]
[ICCResult "White checkmated"]
[WhiteElo "1228"]
[BlackElo "1697"]
[Opening "QGD: 4.Nf3"]
[ECO "D37"]
[NIC "QO.16"]
[Time "13:13:13"]
[PlyCount "48"]
[TimeControl "180+2"]

1. d4 d5 2. c4 e6 3. Nc3 Nf6 4. Nf3 Be7 5. e3 O-O 6. h4 b6 7. Ng5 h6 8.
cxd5 exd5 9. Bd3 Bg4 10. Be2 Bxe2 11. Qxe2 Re8 12. Nf3 c5 13. O-O Nc6 14.
dxc5 Bxc5 15. Qc2 d4 16. exd4 Nxd4 17. Nxd4 Bxd4 18. Nb5 Rc8 19. Qb3 Bc5
20. Bf4 a6 21. Nc7 Rxc7 22. Bxc7 Qxc7 23. Rac1 Ng4 24. Qc4 Qh2# { White
checkmated } 0-1

[Event "ICC tourney 2260 (3 2)"]
[Site "Internet Chess Club"]
[Date "2020.12.31"]
[Round "6"]
[White "chessmonkey05"]
[Black "crazyhorse9"]
[Result "0-1"]
[ICCResult "White resigns"]
[WhiteElo "1617"]
[BlackElo "1462"]
[Opening "Ruy Lopez: Marshall counter-attack, 11...c6"]
[ECO "C89"]
[NIC "RL.17"]
[Time "13:13:56"]
[PlyCount "44"]
[TimeControl "180+2"]

1. e4 e5 2. Nf3 Nc6 3. Bb5 a6 4. Ba4 Nf6 5. O-O b5 6. Bb3 Be7 7. Re1 O-O 8.
c3 d5 9. exd5 Nxd5 10. Nxe5 Nxe5 11. Rxe5 c6 12. d3 Bd6 13. Re1 Qh4 14. g3
Qh3 15. Re4 Qf5 16. Nd2 Qg6 17. Nf1 Bf5 18. Rd4 Bc5 19. Rh4 Bxd3 20. Rg4
Qf5 21. Rg5 Bxf2+ 22. Kg2 Be4+ { White resigns } 0-1

[Event "ICC tourney 2260 (3 2)"]
[Site "Internet Chess Club"]
[Date "2020.12.31"]
[Round "6"]
[White "Udonramen"]
[Black "ved2006"]
[Result "1-0"]
[ICCResult "Black resigns"]
[WhiteElo "1947"]
[BlackElo "1719"]
[Opening "Queen's bishop game"]
[ECO "D00"]
[NIC "QP.08"]
[Time "13:13:04"]
[PlyCount "47"]
[TimeControl "180+2"]

1. d4 d5 2. Bf4 Nf6 3. Nf3 e6 4. e3 h6 5. c3 c5 6. Nbd2 Nc6 7. Bd3 Nh5 8.
Bg3 Nxg3 9. hxg3 Be7 10. g4 a6 11. Qe2 c4 12. Bc2 b5 13. Ne5 Nxe5 14. dxe5
Qa5 15. a3 Qb6 16. Nf3 a5 17. Nd4 b4 18. axb4 Bb7 19. Ba4+ Kf8 20. b5 Bc5
21. g5 Qd8 22. gxh6 gxh6 23. Qf3 Qg5 24. Nxe6+ { Black resigns } 1-0

[Event "ICC tourney 2260 (3 2)"]
[Site "Internet Chess Club"]
[Date "2020.12.31"]
[Round "6"]
[White "kittypuppy"]
[Black "shrey16ultimate"]
[Result "0-1"]
[ICCResult "White checkmated"]
[WhiteElo "1135"]
[BlackElo "1601"]
[Opening "Nimzo-Indian: three knights variation"]
[ECO "E21"]
[NIC "NI.26"]
[Time "13:12:59"]
[PlyCount "50"]
[TimeControl "180+2"]

1. d4 Nf6 2. c4 e6 3. Nc3 Bb4 4. Nf3 b6 5. Bg5 Bb7 6. e3 h6 7. Bh4 g5 8.
Bg3 Ne4 9. Qc2 f5 10. h3 d6 11. Bd3 Nd7 12. Bxe4 Bxe4 13. Qb3 Bxc3+ 14.
Qxc3 Qf6 15. Nd2 Bxg2 16. Rh2 Bb7 17. h4 O-O-O 18. Rc1 f4 19. exf4 gxf4 20.
Ne4 Bxe4 21. Qa3 fxg3 22. fxg3 Rdf8 23. Kd2 Qf3 24. Qxa7 Qd3+ 25. Ke1 Rf1#
{ White checkmated } 0-1

[Event "ICC tourney 2260 (3 2)"]
[Site "Internet Chess Club"]
[Date "2020.12.31"]
[Round "6"]
[White "VirginiaGuy"]
[Black "hggonzalezzss"]
[Result "0-1"]
[ICCResult "White resigns"]
[WhiteElo "1371"]
[BlackElo "1767"]
[Opening "QGD Slav: 4.e3 Bf5"]
[ECO "D12"]
[NIC "QP.08"]
[Time "13:13:40"]
[PlyCount "40"]
[TimeControl "180+2"]

1. d4 d5 2. Nf3 Nf6 3. e3 Bf5 4. c4 c6 5. Nc3 e6 6. Qb3 Qc8 7. Ne5 Be7 8.
cxd5 exd5 9. Be2 O-O 10. O-O Nbd7 11. f4 Rb8 12. Bd2 Ne4 13. Nxe4 Bxe4 14.
Bd3 Bxd3 15. Qxd3 f6 16. Nf3 Re8 17. Rac1 Nb6 18. Nh4 Bf8 19. Nf5 Nc4 20.
b3 Nxd2 { White resigns } 0-1

[Event "ICC tourney 2260 (3 2)"]
[Site "Internet Chess Club"]
[Date "2020.12.31"]
[Round "6"]
[White "ranu540"]
[Black "aberdeenace"]
[Result "0-1"]
[ICCResult "White checkmated"]
[WhiteElo "1296"]
[BlackElo "1546"]
[Opening "Pirc: classical (two knights) system"]
[ECO "B06"]
[NIC "PU.10"]
[Time "13:13:10"]
[PlyCount "92"]
[TimeControl "180+2"]

1. e4 g6 2. Nf3 Bg7 3. d4 d6 4. Nc3 Nf6 5. Bc4 O-O 6. O-O c5 7. Bg5 cxd4 8.
Nxd4 Nc6 9. Nxc6 bxc6 10. Qd2 Rb8 11. Rab1 Be6 12. Bxe6 fxe6 13. Bh6 d5 14.
exd5 exd5 15. Bxg7 Kxg7 16. Na4 Qd6 17. Qd4 e5 18. Qxa7+ Rf7 19. Qc5 Ne4
20. Qxd6 Nxd6 21. Nc5 Rb5 22. Ne6+ Kf6 23. Nd8 Rc7 24. a4 Rb8 25. c4 Rxd8
26. c5 Ne4 27. b4 Nd2 28. Rfc1 Nxb1 29. Rxb1 Rb8 30. b5 cxb5 31. axb5 Rxc5
32. b6 Rc6 33. b7 Rc7 34. Rb6+ Kf5 35. h3 Rcxb7 36. Rxb7 Rxb7 37. Kh2 Rb2
38. Kg3 g5 39. Kf3 d4 40. g3 h5 41. Kg2 d3 42. Kf1 e4 43. h4 g4 44. f4 gxf3
45. Ke1 e3 46. Kd1 Rb1# { White checkmated } 0-1

[Event "ICC tourney 2260 (3 2)"]
[Site "Internet Chess Club"]
[Date "2020.12.31"]
[Round "6"]
[White "karuto2006"]
[Black "TacoCat"]
[Result "0-1"]
[ICCResult "White resigns"]
[WhiteElo "1699"]
[BlackElo "1882"]
[Opening "Giuoco Piano: four knights variation"]
[ECO "C42"]
[NIC "RG.01"]
[Time "13:13:10"]
[PlyCount "86"]
[TimeControl "180+2"]

1. e4 e5 2. Nf3 Nf6 3. Nc3 Bc5 4. Bc4 Nc6 5. O-O d6 6. d3 Bg4 7. h3 Bh5 8.
Be3 Bb6 9. Nd5 Nxd5 10. exd5 Ne7 11. g4 Bg6 12. a4 c6 13. dxc6 bxc6 14. b4
Bc7 15. Bb3 d5 16. c4 d4 17. Bd2 h5 18. g5 Nf5 19. Re1 f6 20. Bf4 Qd7 21.
b5 c5 22. a5 Kf7 23. Bg3 Nxg3 24. fxg3 Qxh3 25. Kf2 e4 26. Rxe4 Bxe4 27.
dxe4 Qxg3+ 28. Ke2 Qg2+ 29. Kd3 Rhe8 30. b6 axb6 31. axb6 Rxa1 32. Qxa1
Qxf3+ 33. Kc2 Qe2+ 34. Kb1 Qe1+ 35. Kb2 Qxa1+ 36. Kxa1 Bxb6 37. Bc2 fxg5
38. Bd3 g4 39. Kb1 g3 40. Bf1 Rxe4 41. Bg2 Re2 42. Bd5+ Kf6 43. Kc1 g2 {
White resigns } 0-1

[Event "ICC tourney 2260 (3 2)"]
[Site "Internet Chess Club"]
[Date "2020.12.31"]
[Round "6"]
[White "TheOrcaPro"]
[Black "kurohaze"]
[Result "0-1"]
[ICCResult "White resigns"]
[WhiteElo "1735"]
[BlackElo "1168"]
[Opening "French: exchange variation"]
[ECO "C01"]
[NIC "FR.01"]
[Time "13:13:05"]
[PlyCount "96"]
[TimeControl "180+2"]

1. e4 e6 2. d4 d5 3. exd5 exd5 4. c4 dxc4 5. Bxc4 Nf6 6. Ne2 Bb4+ 7. Bd2
Bxd2+ 8. Qxd2 O-O 9. O-O a6 10. Nbc3 b5 11. Bb3 Bb7 12. f3 Nbd7 13. Ng3 Re8
14. Rfe1 Nb6 15. Nge4 Nxe4 16. Nxe4 Bd5 17. Bxd5 Qxd5 18. Nc3 Qd7 19. Kf2
a5 20. b3 b4 21. Na4 Nxa4 22. bxa4 Qxa4 23. Rxe8+ Rxe8 24. Qc1 Qd7 25. Qc5
Ra8 26. Rc1 g6 27. Ke3 Qe6+ 28. Kd3 Qxa2 29. Rc2 Qb3+ 30. Kd2 a4 31. Qxc7
a3 32. Qb7 Qa4 33. Rc8+ Rxc8 34. Qxc8+ Kg7 35. Qc7 a2 36. Qe5+ Kg8 37. Qb8+
Kg7 38. Qe5+ f6 39. Qe7+ Kh6 40. Qxf6 a1=Q 41. Qf8+ Kh5 42. Qc5+ g5 43. g4+
Kh4 44. d5 Q1d1+ 45. Ke3 Qab3+ 46. Ke4 Qdd3+ 47. Ke5 Qbc3+ 48. Qxc3 bxc3 {
White resigns } 0-1

[Event "ICC tourney 2260 (3 2)"]
[Site "Internet Chess Club"]
[Date "2020.12.31"]
[Round "6"]
[White "MehPlayer"]
[Black "auggie29"]
[Result "1-0"]
[ICCResult "Black checkmated"]
[WhiteElo "1528"]
[BlackElo "1095"]
[Opening "Sicilian: Taimanov variation"]
[ECO "B45"]
[NIC "SI.39"]
[Time "13:13:05"]
[PlyCount "99"]
[TimeControl "180+2"]

1. e4 c5 2. Nf3 Nc6 3. d4 cxd4 4. Nxd4 e6 5. Nc3 Bc5 6. Be3 Qb6 7. Na4 Qa5+
8. c3 Nxd4 9. Bxd4 Bxd4 10. Qxd4 Nf6 11. Be2 e5 12. Qd1 d6 13. b4 Qc7 14.
Qc2 Bd7 15. O-O Bxa4 16. Qxa4+ Qc6 17. Bb5 O-O 18. Bxc6 bxc6 19. Qxc6 Rac8
20. Qxd6 Rxc3 21. Qxe5 Rc4 22. Qa5 Rxe4 23. Qxa7 Rfe8 24. h3 Nd5 25. b5 Rb4
26. Qd7 Rb8 27. Qxd5 R4xb5 28. Qd3 h6 29. a4 Ra5 30. Rfb1 Rxb1+ 31. Rxb1
Rxa4 32. Qd8+ Kh7 33. Qd3+ g6 34. Qb3 Rf4 35. Qb7 Kg7 36. Re1 Rf6 37. g3 g5
38. Re7 Kg6 39. h4 Kg7 40. h5 Rf5 41. g4 Rf4 42. f3 Rf6 43. Kf2 Rf4 44. Ke3
Rf6 45. Qe4 Rf4 46. Qe5+ Rf6 47. Rd7 Kh7 48. Qxf6 Kg8 49. Qxf7+ Kh8 50.
Qg7# { Black checkmated } 1-0

[Event "ICC tourney 2260 (3 2)"]
[Site "Internet Chess Club"]
[Date "2020.12.31"]
[Round "6"]
[White "garynanoman"]
[Black "el008"]
[Result "0-1"]
[ICCResult "White resigns"]
[WhiteElo "1850"]
[BlackElo "1944"]
[Opening "Sicilian: Najdorf, 7.f4"]
[ECO "B96"]
[NIC "SI.04"]
[Time "13:13:18"]
[PlyCount "74"]
[TimeControl "180+2"]

1. e4 c5 2. Nf3 d6 3. d4 cxd4 4. Nxd4 Nf6 5. Nc3 a6 6. Bg5 e6 7. f4 h6 8.
Bh4 Nc6 9. Nxc6 bxc6 10. e5 dxe5 11. Qxd8+ Kxd8 12. fxe5 g5 13. exf6 gxh4
14. O-O-O+ Kc7 15. Bc4 Bb7 16. Rd2 h5 17. Kb1 Bh6 18. Rd4 Bg5 19. Rhd1 Rad8
20. Ne4 Be3 21. Rxd8 Rxd8 22. Rxd8 Kxd8 23. Nd6 Kc7 24. Nxf7 Bd4 25. Bxe6
Bxf6 26. h3 c5 27. Nh6 Bxg2 28. Nf5 Bxh3 29. Kc1 Bg4 30. Bf7 Bxf5 31. Bxh5
h3 32. Bf3 h2 33. Kd2 Bc8 34. Ke2 Bb7 35. Kf2 Bxf3 36. Kxf3 h1=Q+ 37. Ke3
Qb1 { White resigns } 0-1

[Event "ICC tourney 2260 (3 2)"]
[Site "Internet Chess Club"]
[Date "2020.12.31"]
[Round "6"]
[White "atippa"]
[Black "BillyC"]
[Result "0-1"]
[ICCResult "White checkmated"]
[WhiteElo "1732"]
[BlackElo "1948"]
[Opening "English opening: Agincourt variation"]
[ECO "A13"]
[NIC "TD.06"]
[Time "13:13:56"]
[PlyCount "44"]
[TimeControl "180+2"]

1. Nf3 d5 2. c4 e6 3. e3 Nf6 4. Nc3 c5 5. d4 Nc6 6. cxd5 exd5 7. dxc5 Bxc5
8. Be2 Be6 9. O-O O-O 10. a3 a6 11. b4 Bd6 12. Bb2 Rc8 13. Rc1 Ne4 14. h3
Qd7 15. Nd4 Bxh3 16. gxh3 Qxh3 17. Nf3 Ng5 18. Re1 Nxf3+ 19. Bxf3 Bh2+ 20.
Kh1 Bg3+ 21. Kg1 Qh2+ 22. Kf1 Qxf2# { White checkmated } 0-1

[Event "ICC tourney 2260 (3 2)"]
[Site "Internet Chess Club"]
[Date "2020.12.31"]
[Round "6"]
[White "Supersamraat"]
[Black "falcongw"]
[Result "0-1"]
[ICCResult "White checkmated"]
[WhiteElo "1548"]
[BlackElo "1256"]
[Opening "Queen's pawn: London system"]
[ECO "A45"]
[NIC "QP.07"]
[Time "13:13:16"]
[PlyCount "60"]
[TimeControl "180+2"]

1. d4 Nf6 2. Bf4 g6 3. Nc3 Bg7 4. e4 d6 5. Qd2 Nbd7 6. O-O-O e5 7. dxe5
dxe5 8. Bxe5 O-O 9. Bxf6 Bxf6 10. f3 Qe7 11. Bc4 Nb6 12. Bb3 Bd7 13. Nd5
Nxd5 14. Qxd5 Be6 15. Qd2 Rad8 16. Qe2 Bg5+ 17. Kb1 Bxb3 18. axb3 Rxd1+ 19.
Qxd1 Rd8 20. Qe1 Rd2 21. Ne2 Qc5 22. c3 Qe3 23. Nd4 Qd3+ 24. Ka2 Qxc3 25.
Qc1 Qxd4 26. h4 Bf6 27. Ka3 a5 28. Qxc7 Qb4+ 29. Ka2 Rxb2+ 30. Ka1 Qa3# {
White checkmated } 0-1

[Event "ICC tourney 2260 (3 2)"]
[Site "Internet Chess Club"]
[Date "2020.12.31"]
[Round "6"]
[White "tavit2"]
[Black "MChessy"]
[Result "0-1"]
[ICCResult "White checkmated"]
[WhiteElo "629"]
[BlackElo "1950"]
[Opening "Caro-Kann defense"]
[ECO "B10"]
[NIC "CK.01"]
[Time "13:13:52"]
[PlyCount "78"]
[TimeControl "180+2"]

1. e4 c6 2. f4 d5 3. exd5 cxd5 4. Nf3 Bg4 5. Be2 e6 6. h3 Bxf3 7. Bxf3 Nf6
8. O-O Bd6 9. Nc3 Bxf4 10. Be2 Bg3 11. d3 O-O 12. Bg5 Qb6+ 13. Kh1 Be5 14.
Bxf6 Bxf6 15. Na4 Qd6 16. Nc3 Bd8 17. Nb5 Qc6 18. Nd4 Qd6 19. Nb5 Qc6 20.
a4 a6 21. Nd4 Qd6 22. Bf3 Bc7 23. Kg1 Qh2+ 24. Kf2 Qg3+ 25. Kg1 Qh2+ 26.
Kf2 Qg3+ 27. Kg1 Bb6 28. c3 e5 29. a5 Ba7 30. Bxd5 exd4 31. Bxb7 dxc3+ 32.
Kh1 Nc6 33. Bxa8 Bb8 34. Kg1 Qh2+ 35. Kf2 Ba7+ 36. Ke1 Re8+ 37. Qe2 Rxe2+
38. Kxe2 Qxg2+ 39. Ke1 Qd2# { White checkmated } 0-1

[Event "ICC tourney 2260 (3 2)"]
[Site "Internet Chess Club"]
[Date "2020.12.31"]
[Round "6"]
[White "andrewj508"]
[Black "uzkuzk"]
[Result "0-1"]
[ICCResult "White checkmated"]
[WhiteElo "1270"]
[BlackElo "1809"]
[Opening "Dutch"]
[ECO "A80"]
[NIC "HD.12"]
[Time "13:13:03"]
[PlyCount "100"]
[TimeControl "180+2"]

1. d4 f5 2. Bf4 Nf6 3. e3 e6 4. Nf3 Be7 5. c4 O-O 6. Nc3 d6 7. Be2 h6 8.
O-O g5 9. Bg3 Qe8 10. b4 Qg6 11. Nb5 Na6 12. c5 dxc5 13. bxc5 Kh8 14. Nxc7
Rg8 15. Nxa8 f4 16. Ne5 Qf5 17. Bd3 Ne4 18. Bxe4 Qxe4 19. Qh5 Kh7 20. Qf7+
Rg7 21. Qh5 fxg3 22. hxg3 Bf6 23. Nf7 Rg6 24. Nd6 Qc6 25. Rab1 b6 26. Nxb6
axb6 27. Rxb6 Qa4 28. Nxc8 Nb4 29. Rb7+ Rg7 30. Rxg7+ Bxg7 31. Nd6 Qxa2 32.
Qf7 e5 33. Ne8 Qxf7 34. Nd6 Qa2 35. dxe5 Bxe5 36. Nf5 Nd3 37. c6 Qc4 38.
Rd1 Nb4 39. Rd7+ Kg6 40. Ne7+ Kf6 41. e4 Nxc6 42. Nd5+ Ke6 43. Rh7 Qxe4 44.
Rxh6+ Kxd5 45. Kh2 Nd4 46. Rh8 Ne2 47. Rd8+ Bd6 48. Rh8 Qf5 49. f3 Bxg3+
50. Kh1 Qb1# { White checkmated } 0-1

[Event "ICC tourney 2260 (3 2)"]
[Site "Internet Chess Club"]
[Date "2020.12.31"]
[Round "6"]
[White "Kinawa"]
[Black "caracleliem2"]
[Result "1-0"]
[ICCResult "Black checkmated"]
[WhiteElo "1535"]
[BlackElo "1152"]
[Opening "Sicilian: accelerated fianchetto, exchange variation"]
[ECO "B34"]
[NIC "SI.33"]
[Time "13:13:29"]
[PlyCount "73"]
[TimeControl "180+2"]

1. e4 c5 2. Nf3 Nc6 3. d4 cxd4 4. Nxd4 g6 5. Nxc6 bxc6 6. Qd4 Nf6 7. e5
Qa5+ 8. Bd2 Qd5 9. Qxd5 Nxd5 10. Nc3 Bg7 11. f4 Nxc3 12. Bxc3 O-O 13. Bc4
Bb7 14. O-O d5 15. Be2 e6 16. Bd4 Rfc8 17. Bc5 Rd8 18. Rf3 f6 19. Be7 Re8
20. exf6 Bxf6 21. Bxf6 Rf8 22. Be5 c5 23. Rb3 Bc6 24. c4 d4 25. Bd3 a5 26.
Rb6 Bd7 27. Rf1 a4 28. a3 Rfe8 29. Bd6 Rac8 30. Be5 Rc6 31. Rb7 Bc8 32.
Rg7+ Kf8 33. Rxh7 Rb6 34. Rf2 Rb3 35. Rd2 Kg8 36. Bxg6 Rf8 37. Rh8# { Black
checkmated } 1-0

[Event "ICC tourney 2260 (3 2)"]
[Site "Internet Chess Club"]
[Date "2020.12.31"]
[Round "6"]
[White "sujashankar"]
[Black "pari538"]
[Result "0-1"]
[ICCResult "White checkmated"]
[WhiteElo "1691"]
[BlackElo "1522"]
[Opening "Scotch: Schmidt variation"]
[ECO "C45"]
[NIC "SO.04"]
[Time "13:13:15"]
[PlyCount "100"]
[TimeControl "180+2"]

1. e4 e5 2. Nf3 Nc6 3. d4 exd4 4. Nxd4 Nf6 5. Nxc6 bxc6 6. Bd3 Bb4+ 7. c3
Be7 8. O-O O-O 9. e5 Nd5 10. Qh5 g6 11. Qe2 Bg5 12. f4 Be7 13. f5 Bc5+ 14.
Kh1 d6 15. fxg6 fxg6 16. Rxf8+ Qxf8 17. c4 Nf4 18. Bxf4 Qxf4 19. Nc3 Bg4
20. Qc2 Rf8 21. exd6 Bxd6 22. g3 Bf3+ 23. Kg1 Bc5+ 24. Kf1 Qe3 25. Qg2
Bxg2+ 26. Kxg2 Qf2+ 27. Kh3 Qd4 28. Be4 Bb4 29. Bxc6 Bxc3 30. Bd5+ Kh8 31.
bxc3 Qxc3 32. Rd1 Qf6 33. Be4 Qe6+ 34. Kh4 g5+ 35. Kxg5 Rg8+ 36. Kf4 Qg4+
37. Ke3 Qxd1 38. Bd3 Re8+ 39. Kd4 Rd8+ 40. Kc5 Qxd3 41. h4 Qd4+ 42. Kc6
Qxc4+ 43. Kb7 c5 44. g4 a5 45. g5 a4 46. g6 hxg6 47. h5 gxh5 48. a3 Qb5+
49. Ka7 Rd7+ 50. Ka8 Qb7# { White checkmated } 0-1

[Event "ICC tourney 2260 (3 2)"]
[Site "Internet Chess Club"]
[Date "2020.12.31"]
[Round "6"]
[White "Zapateado"]
[Black "saisiva765"]
[Result "1/2-1/2"]
[ICCResult "Game drawn by repetition"]
[WhiteElo "1908"]
[BlackElo "1950"]
[Opening "English: Carls' Bremen system"]
[ECO "A22"]
[NIC "EO.10"]
[Time "13:13:16"]
[PlyCount "54"]
[TimeControl "180+2"]

1. c4 Nf6 2. Nc3 e5 3. g3 Bc5 4. e3 O-O 5. Nge2 d6 6. Bg2 Nc6 7. O-O Bg4 8.
h3 Bh5 9. g4 Bg6 10. d4 exd4 11. exd4 Bb6 12. f4 h6 13. f5 Bh7 14. Bf4 Re8
15. Qd2 Qd7 16. Kh1 Ba5 17. Ng3 d5 18. Bxh6 gxh6 19. Qxh6 Bxc3 20. bxc3 Qd6
21. c5 Qxg3 22. Qxf6 Re2 23. Rg1 Rae8 24. Qg5+ Kh8 25. Qf6+ Kg8 26. Qg5+
Kh8 27. Qf6+ Kg8 { Game drawn by repetition } 1/2-1/2

[Event "ICC tourney 2260 (3 2)"]
[Site "Internet Chess Club"]
[Date "2020.12.31"]
[Round "6"]
[White "funpawn"]
[Black "SuperBlueSky"]
[Result "1-0"]
[ICCResult "Black checkmated"]
[WhiteElo "1765"]
[BlackElo "1597"]
[Opening "Ruy Lopez: Marshall, main line, 14...Qh3"]
[ECO "C89"]
[NIC "RL.17"]
[Time "13:13:04"]
[PlyCount "77"]
[TimeControl "180+2"]

1. e4 e5 2. Nf3 Nc6 3. Bb5 a6 4. Ba4 Nf6 5. O-O Be7 6. Re1 b5 7. Bb3 O-O 8.
c3 d5 9. exd5 Nxd5 10. Nxe5 Nxe5 11. Rxe5 c6 12. d4 Bd6 13. Re1 Qh4 14. g3
Qh3 15. Re4 g5 16. Qf1 Qf5 17. Nd2 Qg6 18. f3 f5 19. Re1 f4 20. g4 Kh8 21.
Ne4 Bc7 22. a4 Rb8 23. axb5 axb5 24. Bc2 Qg7 25. Qh3 h6 26. Qf1 b4 27. Qd3
bxc3 28. bxc3 Rb6 29. Ba3 Rg8 30. Bc5 Rb2 31. Reb1 Rxb1+ 32. Rxb1 Be6 33.
Rb7 Ra8 34. Bd6 Rc8 35. Be5 Bxe5 36. Rxg7 Bxg7 37. Nd6 Bg8 38. Nf7+ Bxf7
39. Qh7# { Black checkmated } 1-0

[Event "ICC tourney 2260 (3 2)"]
[Site "Internet Chess Club"]
[Date "2020.12.31"]
[Round "6"]
[White "ritterfork"]
[Black "A4-H5"]
[Result "0-1"]
[ICCResult "White checkmated"]
[WhiteElo "1846"]
[BlackElo "1999"]
[Opening "Queen's pawn: London system"]
[ECO "A45"]
[NIC "QP.07"]
[Time "13:13:18"]
[PlyCount "86"]
[TimeControl "180+2"]

1. d4 Nf6 2. Bf4 g6 3. e3 Bg7 4. Nf3 O-O 5. Be2 d6 6. O-O c5 7. c3 Nc6 8.
Nbd2 Be6 9. h3 Qb6 10. Qc2 cxd4 11. exd4 Rac8 12. Qd1 Nd5 13. Nc4 Qc7 14.
Bg3 b5 15. Ncd2 a6 16. a4 Nb6 17. axb5 axb5 18. Bxb5 Na7 19. Bd3 Nc6 20.
Qe2 Rfe8 21. Ng5 Bd7 22. Nc4 Nd5 23. Ne3 Nf6 24. d5 Nb8 25. Nf3 Nh5 26. Bh2
f5 27. Ng5 Nf6 28. Ne6 Bxe6 29. dxe6 Nc6 30. Ra4 Nd8 31. Nc2 Qb8 32. Nd4
Nb7 33. Rfa1 Nc5 34. R4a2 Nxd3 35. Qxd3 Qc7 36. Ra7 Qc4 37. Qxc4 Rxc4 38.
Rb7 Ne4 39. Ne2 Nc5 40. Rc7 Re4 41. Nf4 Nxe6 42. Nxe6 Rxe6 43. Raa7 Re1# {
White checkmated } 0-1

[Event "ICC tourney 2260 (3 2)"]
[Site "Internet Chess Club"]
[Date "2020.12.31"]
[Round "6"]
[White "hi321"]
[Black "ZAPPAWITS"]
[Result "0-1"]
[ICCResult "White checkmated"]
[WhiteElo "1433"]
[BlackElo "1713"]
[Opening "Caro-Kann defense"]
[ECO "B10"]
[NIC "CK.01"]
[Time "13:13:04"]
[PlyCount "78"]
[TimeControl "180+2"]

1. e4 c6 2. Nf3 d5 3. exd5 cxd5 4. d4 Nf6 5. Nc3 Nc6 6. Bb5 a6 7. Ba4 b5 8.
Bb3 Bg4 9. h3 Bh5 10. a3 e6 11. Qd3 Bg6 12. Qd1 Bh5 13. Be3 b4 14. axb4
Bxb4 15. Ba4 Qc7 16. g4 Nxg4 17. hxg4 Bxg4 18. Bxc6+ Qxc6 19. Ne5 Bxc3+ 20.
bxc3 Qxc3+ 21. Bd2 Qxd4 22. Nxg4 Qe4+ 23. Ne3 Qxh1+ 24. Ke2 Qh5+ 25. f3 O-O
26. Qg1 Qg6 27. Qb1 Rfb8 28. Qa2 a5 29. Ng4 a4 30. Rg1 Kh8 31. Bc3 Rc8 32.
Qa1 Rxc3 33. Ne3 Rxe3+ 34. Kxe3 Qh6+ 35. f4 f6 36. Rb1 Qh3+ 37. Kd4 Rc8 38.
Rb4 Qf3 39. Rxa4 Qe4# { White checkmated } 0-1

[Event "ICC tourney 2260 (3 2)"]
[Site "Internet Chess Club"]
[Date "2020.12.31"]
[Round "6"]
[White "KingRayfish"]
[Black "VeronicaG"]
[Result "1-0"]
[ICCResult "Black forfeits on time"]
[WhiteElo "1469"]
[BlackElo "1828"]
[Opening "Caro-Kann defense"]
[ECO "B10"]
[NIC "CK.01"]
[Time "13:13:13"]
[PlyCount "91"]
[TimeControl "180+2"]

1. e4 c6 2. Nf3 d5 3. exd5 cxd5 4. d4 Nf6 5. Bd3 Bg4 6. O-O Nc6 7. c3 e6 8.
h3 Bh5 9. Nbd2 Bd6 10. Re1 O-O 11. Nf1 a6 12. a4 Rb8 13. Bc2 Qc7 14. Qd3
Bg6 15. Qd1 Bxc2 16. Qxc2 h6 17. Bd2 Rfc8 18. Ne3 b5 19. axb5 axb5 20. b4
Nxb4 21. cxb4 Qxc2 22. Nxc2 Rxc2 23. Rac1 Rbc8 24. g4 Ne4 25. Be3 Bxb4 26.
Rxc2 Rxc2 27. Rb1 Bd6 28. Rxb5 Kh7 29. Rb7 Rc7 30. Rb2 Rc3 31. Kg2 Rc7 32.
Ne5 f6 33. Nf3 g5 34. h4 Re7 35. Rb1 Rc7 36. Rh1 Kg6 37. h5+ Kf7 38. Rb1
Ke7 39. Rb6 Kd7 40. Ne1 Rc6 41. Rb7+ Rc7 42. Rb6 Ke7 43. Nd3 Kd7 44. f3 Nc3
45. Nc5+ Bxc5 46. dxc5 { Black forfeits on time } 1-0

[Event "ICC tourney 2260 (3 2)"]
[Site "Internet Chess Club"]
[Date "2020.12.31"]
[Round "6"]
[White "marinaxiao"]
[Black "AirMaisem"]
[Result "1-0"]
[ICCResult "Black forfeits on time"]
[WhiteElo "1556"]
[BlackElo "1171"]
[Opening "King's pawn game"]
[ECO "C50"]
[NIC "IG.03"]
[Time "13:13:47"]
[PlyCount "61"]
[TimeControl "180+2"]

1. e4 e5 2. Nf3 Nc6 3. Bc4 h6 4. c3 d6 5. d3 Be6 6. Nbd2 Nf6 7. O-O Be7 8.
Re1 O-O 9. d4 Bxc4 10. Nxc4 exd4 11. cxd4 Re8 12. Qb3 d5 13. exd5 Nxd5 14.
Nce5 Nxe5 15. Nxe5 Bf6 16. Bd2 Bxe5 17. dxe5 Nb6 18. Bf4 g5 19. Bg3 Qd4 20.
Rad1 Qc4 21. Qxc4 Nxc4 22. b3 Nb6 23. h4 c6 24. hxg5 hxg5 25. f3 f5 26.
exf6 Kf7 27. Be5 Nd5 28. Kf2 Nxf6 29. Bxf6 Kxf6 30. Rd6+ Kf5 31. g4+ {
Black forfeits on time } 1-0